[Event "Turkish Youth Championships 2023"]
[Site "Samsun"]
[Date "2023.05.20"]
[Round "3.19"]
[White "Derbentli, Cemil Furkan"]
[Black "Yildiz, Elif Zeren"]
[Result "0-1"]
[WhiteElo "1486"]
[BlackElo "1722"]
[Annotator "COMBH"]
[PlyCount "39"]
[EventDate "2023.05.19"]
[EventType "swiss"]
[EventCountry "TUR"]
[TimeControl "5400+30"]
[BlackClock "1:02:00"]

1. e4 c5 2. Nf3 d6 3. d4 cxd4 4. Nxd4 Nf6 5. Nc3 a6 6. Bg5 e6 7. f4 Nbd7 8. Qf3 Qc7 9. g4 b5 10. a3 Bb7 11. O-O-O Be7 12. Bxf6 Nxf6 13. Be2 Rc8 14. Rd2 Qb6 15. g5 Rxc3 16. bxc3 Nxe4 17. Qf1 Nxd2 18. Kxd2 Bxh1 19. Qxh1 d5 20. Qd1 0-1

[Event "Turkish Youth Championships 2023"]
[Site "Samsun"]
[Date "2023.05.21"]
[Round "4.1"]
[White "Isik, Alparslan"]
[Black "Hasirci, Ozgur Deniz"]
[Result "1-0"]
[WhiteElo "2451"]
[BlackElo "1763"]
[Annotator "TA"]
[PlyCount "77"]
[EventDate "2023.05.19"]
[EventType "swiss"]
[EventCountry "TUR"]
[TimeControl "5400+30"]

1. e4 c5 2. Nf3 d6 3. d4 cxd4 4. Nxd4 Nf6 5. Nc3 a6 6. Bg5 e6 7. f4 Be7 8. Qf3 Qc7 9. O-O-O Nbd7 10. g4 h6 11. Bxf6 Bxf6 12. h4 Nb6 {[%emt 0:00:00] Nowadays more popular than 12...Qb6. B99: Sicilian Najdorf: 6 Bg5 e6 7 f4 Be7 8 Qf3 Qc7 9 0-0-0 Nbd7.} 13. g5 Bxd4 14. Rxd4 Qc5 {[%emt 0:00:00] White is slightly better.} 15. Qf2 {[%emt 0:00:30][%cal Oe4e5] Strongly threatening e5!} hxg5 $1 16. e5 gxf4 (16... dxe5 $2 17. Rd8+ Kxd8 18. Qxc5 $18) 17. Bd3 {[%emt 0:00:30] [#] Threatens to win with Ne4.} (17. Ne4 Qxe5 18. Nxd6+ Ke7 $15) 17... O-O $146 (17... d5 $1 $11) ({Predecessor:} 17... f5 18. exf6 e5 19. fxg7 Rg8 20. Bg6+ Ke7 21. h5 Qxd4 22. Qh4+ Kd7 23. h6 Kc6 {1-0 Hong,A (2504)-Brodsky,D (2496) USA-ch U20 Saint Louis 2022 (1)}) 18. Rg1 $1 $18 Qxe5 (18... dxe5 19. Qg2 g6 20. Bxg6 Re8 21. Bh5+ Kf8 22. Qg8+ Ke7 23. Qxf7#) 19. Re4 {[%emt 0:01:30] Prevents Qe3+} Qc5 {[%emt 0:00:30] [#]} 20. Qg2 g6 21. Ree1 {[%emt 0:03:30][%cal Od3g6] And now Bxg6! would win.} Qh5 22. Qf2 {[%emt 0:05:30][%csl LRb6,LRf4] Repels f3. Black must now prevent Rg5.} Nd7 {[%emt 0:09:30] [#]} 23. Qxf4 (23. Ne4 $1 $18) 23... Nc5 (23... e5 $14 24. Qc4 Kg7) 24. Qxd6 {[%emt 0:04:30] Kb1 is the strong threat.} Nxd3+ (24... b6 $142) 25. cxd3 {[%emt 0:00:30] Hoping for Kb1.} e5 26. Rxe5 Qh6+ {[%emt 0:00:30] Black is weak on the dark squares} 27. Kb1 Be6 28. h5 {[%emt 0:07:30] hxg6 would be deadly.} Rfd8 $2 (28... Rad8 29. Qb4 Rde8) 29. Qb4 {[%emt 0:03:30] aiming for hxg6.} Qh8 {[%emt 0:02:23] [#]} 30. Rxe6 {[%emt 0:02:30][%mdl 576] Deflection} fxe6 (30... Qxh5 31. Ne4) 31. Rxg6+ (31. hxg6 $2 {perishes.} Qd4 32. Qxd4 Rxd4 $19) 31... Kf7 32. Qxb7+ Kf8 33. Qb4+ Kf7 34. Qf4+ Ke7 35. h6 {[%emt 0:00:04] Threatening mate with Ne4.} Rd7 36. Rg7+ (36. Qe4 $142 Qd4 37. Rxe6+ (37. Qxa8 Qxd3+ 38. Ka1 Qxg6 $11) 37... Kf7 38. Re7+ {[%mdl 64] Deflection} (38. Qxa8 Qxd3+ 39. Ka1 Kxe6 $14) 38... Rxe7 39. Qxd4) 36... Ke8 37. Qe4 {[%emt 0:00:06][%csl LRa8,LRe6] White mates.} Raa7 38. Qxe6+ Kd8 39. Rg8+ {[%emt 0:00:00] An entertaining game by Isik.   Weighted Error Value: White=0.16 (very precise) /Black=0.63} 1-0

[Event "Turkish Youth Championships 2023"]
[Site "Samsun"]
[Date "2023.05.21"]
[Round "4.2"]
[White "Atis, Hasan"]
[Black "Akbas, Umut Ata"]
[Result "1/2-1/2"]
[WhiteElo "1890"]
[BlackElo "2417"]
[Annotator "TA"]
[PlyCount "98"]
[EventDate "2023.05.19"]
[EventType "swiss"]
[EventCountry "TUR"]
[TimeControl "5400+30"]

1. e4 c5 2. Nf3 d6 3. d4 cxd4 4. Nxd4 Nf6 5. Nc3 a6 6. Bg5 e6 7. Qf3 Nbd7 8. O-O-O {[%emt 0:00:30] 8.Be2 is vanishing.} Qc7 9. Bd3 {[%emt 0:00:30] is the legacy move (9.Qg3). B95: Sicilian Najdorf: 6 Bg5 e6, unusual White 7th moves.} Be7 10. Qg3 O-O 11. Rhe1 Nc5 12. f4 Re8 ({Better is} 12... e5 $14 13. fxe5 dxe5 14. Bxf6 Bxf6) 13. e5 $18 dxe5 (13... Nxd3+ $142 14. Rxd3 (14. Qxd3 dxe5 15. fxe5 Nd5 $16) 14... Nh5) 14. fxe5 Nd5 {[%emt 0:00:00] [#]} 15. Bxe7 $2 (15. Nf5 $1 $18 {and the rest is easy.} Nxc3 16. Nxg7) 15... Nxe7 $16 16. Ne4 {[%emt 0:07:30] White has more active pieces. The black rooks are badly placed.} (16. Nf3 $16 {[%cal Od3h7] aiming for Bxh7+!} Nxd3+ 17. Rxd3) 16... Nxe4 $14 {[%emt 0:11:30] [#]} 17. Bxe4 $146 ({Predecessor:} 17. Rxe4 Nf5 18. Nxf5 exf5 19. Rd4 Be6 20. a3 Rad8 21. Rxd8 Rxd8 22. Qf4 g6 23. Qg5 Bc4 24. Bxc4 Rxd1+ 25. Kxd1 Qxc4 {½-½ Stacey,J-Conde Poderoso,J FRIENDLY email 1998}) 17... Bd7 18. Rd3 Nf5 (18... Rad8 {seems wilder.} 19. Red1 h6 20. a3 Ba4) 19. Bxf5 (19. Qf4 $14) 19... exf5 $11 20. c3 Qc4 21. b3 Qc5 22. Qf4 Re7 {[%emt 0:07:42] Black is weak on the dark squares} 23. Kb2 Rae8 24. Rde3 b5 25. Nxf5 Bxf5 26. Qxf5 f6 27. b4 Qd5 28. Qf3 Qxf3 (28... Rxe5 $2 29. Qxd5+ Rxd5 30. Rxe8+ $18) (28... Qd2+ {is more complex.} 29. Kb3 Rxe5 30. Rxe5 fxe5 31. Rd1 Qf4) 29. gxf3 fxe5 {[%emt 0:00:21][%mdl 4096] Endgame [#] KRR-KRR} 30. a4 $1 Kf7 31. axb5 axb5 32. Rd1 Ke6 {[%emt 0:00:13] Prevents Rd5.} 33. Red3 Kf5 {[%emt 0:00:49] The position is equal.} 34. Rd5 Kf4 35. R1d3 (35. Rxb5 $5 Kxf3 36. c4 $14) 35... Rb8 36. Rc5 g5 37. Rdd5 Kxf3 38. Rxe5 Rxe5 39. Rxe5 {[%emt 0:00:09] KR-KR} h6 40. c4 bxc4 41. Kc3 Rc8 42. b5 Kg2 43. Re2+ Kh3 44. b6 g4 45. Kb4 h5 46. Kb5 (46. b7 $2 Rb8 47. Kxc4 Rxb7 $19) 46... h4 47. Rc2 g3 48. hxg3 (48. Rxc4 $2 {perishes.} gxh2 49. Rxc8 h1=Q $19) ({Don't go for} 48. b7 $2 Rb8 49. hxg3 hxg3 $19) 48... hxg3 {[%emt 0:00:09] Hoping for ...g2.} 49. Rxc4 ({Not} 49. b7 $2 Rb8 50. Kc6 g2 $19) 49... Rc6 $2 {[%emt 0:00:36][%mdl 40960] Weighted Error Value: White=0.15 (very precise) /Black=0.15 (very precise) . An unexpected result.} 1/2-1/2

[Event "Turkish Youth Championships 2023"]
[Site "Samsun"]
[Date "2023.05.21"]
[Round "4.3"]
[White "Tarlabasi, Emirhan"]
[Black "Coskun, Emre"]
[Result "1/2-1/2"]
[WhiteElo "2300"]
[BlackElo "1750"]
[Annotator "TA"]
[PlyCount "202"]
[EventDate "2023.05.19"]
[EventType "swiss"]
[EventCountry "TUR"]
[TimeControl "5400+30"]

1. d4 Nf6 2. Nf3 e6 3. c4 b6 4. Nc3 Bb7 5. a3 Ne4 6. Qd3 {[%emt 0:11:30] E12: Queen's Indian: Unusual White 4th moves, 4 a3, 4 Nc3 Bb7 5 a3 and 4 Nc3 Bb7 .} Nxc3 {[%emt 0:05:30] [#]} 7. bxc3 $146 ({Predecessor:} 7. Qxc3 Be7 8. e3 O-O 9. Bd3 f5 10. Qc2 Qe8 11. Rg1 c5 12. Bd2 cxd4 13. Nxd4 Nc6 14. Nxc6 Bxc6 {½-½ Smolik,J (2218)-Fedorov,E (2234) CZE-chT1W 2122 2021 (4.6)}) 7... Be7 8. g3 (8. e4 $11) 8... O-O 9. Bg2 f5 10. O-O Be4 11. Qd2 Nc6 12. Qa2 Na5 13. d5 Qc8 14. Rd1 Bc5 15. Bf1 (15. dxe6 $142 dxe6 16. Bf4) 15... Bxf3 (15... Qe8 $1 $17 {And now ...e5 would win.} 16. h3 h6) 16. exf3 $15 e5 17. Be3 Nb7 18. Re1 d6 19. Qc2 Qd7 20. Ra2 (20. Bd2 $15) 20... h6 21. Bc1 Kh8 22. Qb1 g5 23. Bd3 Qf7 24. Qc2 Rae8 25. a4 Qg6 26. Qd1 Qh5 (26... Qf6 $15) 27. Rf1 (27. Bxf5 $1 $11 Rxf5 28. g4) 27... Qh3 (27... e4 {simplifies} 28. fxe4 Qxd1 29. Rxd1 fxe4 30. Bf1 e3) 28. Re1 Qh5 (28... f4 $17 29. Kh1 Na5) 29. Bxf5 {[%emt 0:00:26][%mdl 64] Remove Defender, Decoy} Rxf5 30. g4 Qh3 (30... Bxf2+ $2 31. Rxf2 Qh3 32. gxf5 $18) 31. gxf5 Rf8 $1 32. Be3 (32. Kh1 $11) 32... Rxf5 (32... a5 $1 $17) 33. Bxc5 $2 (33. a5 $1 $11 {and White has nothing to worry.}) 33... Nxc5 $19 34. Re3 Rf4 35. Qf1 (35. Qc2 {is a better defense.}) 35... Qxf1+ 36. Kxf1 {[%emt 0:00:00][%mdl 4096] Endgame KRR-KRN} a5 37. Ra3 Rxc4 38. Kg2 Rxa4 (38... Nxa4 39. Re4 Rxe4 40. fxe4 $11) (38... Kh7 $19 {Strongly threatening ...Kg6.} 39. Re1 Kg6) 39. Rxa4 $17 Nxa4 $19 {[%emt 0:00:01] KR-KN} 40. c4 Kg7 41. Ra3 Nc5 (41... Nb2 $17 42. Rc3 Na4) 42. h4 $11 Kg6 43. hxg5 hxg5 44. Kh3 $2 (44. Kg3 $11 {and White is okay.}) 44... Kf5 $1 $19 45. Kg3 Kg6 $2 (45... e4 $1 $19 46. Ra2 Ke5) 46. Kg4 Nd7 47. Ra1 Nf6+ 48. Kg3 Nh5+ 49. Kg4 Nf6+ 50. Kg3 Nh5+ 51. Kg2 Nf4+ 52. Kh2 Kf5 {[%emt 0:00:32] ...Nd3 would be deadly.} 53. Rh1 {[%emt 0:01:20] [#]} (53. Re1 $11 {keeps the balance.}) 53... Kg6 (53... e4 $1 $17 {White must now prevent ...Nd3.} 54. Re1 exf3) 54. Kg3 Nh5+ 55. Kg2 Nf4+ 56. Kf1 Kg7 57. Ke1 Nd3+ 58. Kd2 Nf4 (58... Nxf2 $2 59. Rh2 $18) 59. Ke3 (59. Rh2 $5 ) 59... Ng6 60. Rh5 Ne7 (60... Nf4 $14 61. Rxg5+ Kf7) 61. Rxg5+ $16 Kf7 (61... Kf6 $142 62. Rh5 b5) 62. Ke4 (62. f4 $16) 62... Ng6 $1 $14 63. Rh5 {[%emt 0:00:30] Rh7+ is the strong threat.} Ke7 64. Rh7+ Kd8 65. Rg7 Nf4 66. Rg8+ $1 Kd7 67. Ke3 Ke7 68. Kd2 Kd7 69. Rh8 Ke7 70. Kc2 Ne2 71. Kb2 Kd7 72. Ka3 Ng1 {[%emt 0:01:11] [#]} (72... Ke7 $14) 73. f4 $1 $18 exf4 74. Rh7+ Kd8 75. Ka4 {[%emt 0:00:30] White is more active.} ({White should play} 75. Rf7 $16) 75... Ne2 76. Kb5 (76. Rh8+ $16 Ke7 77. Rh7+ Kd8 78. Rf7) 76... Nd4+ $11 {[%emt 0:01:15] The position is equal.} 77. Ka6 a4 78. Kb7 b5 ({But not} 78... a3 79. Rxc7 (79. Rh8+ Kd7 $18) 79... b5 80. cxb5 Nxb5 81. Rc1 $18) 79. cxb5 Nxb5 (79... a3 $2 80. b6 cxb6 81. Kxb6 $18 (81. Rh8+ Ke7 $14)) 80. Rh4 Nc3 81. Kc6 a3 82. Rh8+ (82. Rh7 $5 a2 $8 83. Rh8+ Ke7 84. Ra8 $11) 82... Ke7 83. Rh7+ (83. Ra8 $5 a2 $8 84. Ra5 $11) 83... Kf6 {[%emt 0:00:23] aiming for ...a2.} 84. Rxc7 a2 85. Ra7 Ke5 86. Ra5 f3 87. Kd7 Nxd5 88. Rxa2 Nb6+ 89. Kc6 Nc4 $1 90. Ra4 d5 91. Ra1 Nb2 92. Re1+ Kd4 93. Re3 Nc4 94. Re8 (94. Rxf3 {is a self mate.} Ne5+ 95. Kc7 Nxf3 96. Kd6 Kc4 97. Ke6 d4 98. Kf5 Kd3 99. Ke6 Ke2 100. Kf7 d3 101. Ke8 d2 102. Kd8 d1=Q+ 103. Kc7 Qd5 104. Kb6 Qd6+ 105. Ka7 Ne5 106. f4 Nd7 107. Kb7 Nc5+ 108. Kc8 Qc6+ 109. Kd8 Qd7#) 94... Ne5+ 95. Kb5 Ng4 96. Rf8 Ke4 97. Kc5 Nxf2 {[%emt 0:00:17] Hoping for ...d4.} 98. Re8+ Kd3 99. Kxd5 Ng4 100. Rf8 {[%emt 0:00:30] Repels Nf6+} f2 101. Rxf2 Nxf2 {[%emt 0:00:37] What a bad dream for Black.   Weighted Error Value: White=0.31/Black=0.25 (precise)} 1/2-1/2

[Event "Turkish Youth Championships 2023"]
[Site "Samsun"]
[Date "2023.05.22"]
[Round "4.3"]
[White "Temizer, Umut"]
[Black "Akbas, Umut Ata"]
[Result "0-1"]
[ECO "C77"]
[WhiteElo "1973"]
[BlackElo "2417"]
[Annotator "TA"]
[PlyCount "68"]
[EventDate "2023.05.19"]
[EventType "swiss"]
[EventCountry "TUR"]
[SourceTitle "playchess.com"]
[Source "ChessBase"]
[SourceQuality "1"]
[TimeControl "5400+30"]

1. e4 e5 2. Nf3 Nc6 3. Bb5 a6 4. Ba4 Nf6 5. Qe2 b5 6. Bb3 Bc5 7. d3 O-O 8. c3 h6 {[%emt 0:07:30] C77: Ruy Lopez: 3...a6 4 Ba4 Nf6, unusual lines.} 9. h3 d6 10. Nbd2 {[%emt 0:02:30] [#]} Ne7 $146 {[%emt 0:10:30] Black has an edge.} ({Predecessor:} 10... Be6 11. Nf1 Re8 12. g4 Nh7 13. Rg1 Bxb3 14. axb3 Ne7 15. Ng3 Ng6 16. g5 Nxg5 17. Nxg5 hxg5 {1-0 Mamedov,R (2646)-Wang,H (2722) Shusha Blitz 2022 (9)}) 11. d4 exd4 12. cxd4 Bb6 13. O-O Ng6 (13... Bb7 $17) 14. a4 Bb7 (14... Nf4 $15 {is more appropriate.} 15. Qe3 g5) 15. Re1 $11 Qd7 16. Bc2 Rae8 17. Qf1 c5 18. axb5 axb5 (18... cxd4 $2 19. bxa6 Bc6 20. Nc4 $16) 19. b3 Nf4 ({Better is} 19... cxd4 20. Bd3 (20. Bb2 d5 $15) 20... b4) 20. Bb2 Rc8 (20... cxd4 $5 21. Bd3 b4 $11) 21. d5 {[%emt 0:02:30] Black must now prevent Bxf6.} N6h5 22. Nh4 $2 {[%emt 0:06:30][%mdl 8192] [#] This costs White the game.} (22. Kh2 $11 {and White is okay.}) 22... c4 $1 $19 23. Re3 ({Not} 23. bxc4 Ng3 24. Nf5 Nxf1 $19) (23. Nxc4 $142 Rxc4 24. bxc4) 23... Bxe3 24. fxe3 c3 25. Ba3 Ng3 26. Qf3 cxd2 27. Bd1 {[%emt 0:00:30] Inhibits Nfe2+.} Nfh5 28. Bb4 Qe7 29. Ra7 Qxh4 30. Rxb7 Qxe4 31. Bxd2 Qd3 32. Be1 Rc1 33. Bxg3 Qxd1+ (33... Nxg3 $142 34. Re7 Rxd1+ 35. Kh2 Nf1+ 36. Kh1 Qxb3 37. Qf2 Qxd5 38. Qf3 Qxf3 39. gxf3 Rc8 40. Re8+ Rxe8 41. h4 Rd2 42. f4 Nxe3 43. h5 Ng4 44. Kg1 Re1#) 34. Kh2 Qh1# {[%emt 0:00:00] Weighted Error Value: White=1.75/Black=0.57} 0-1

[Event "Turkish Youth Championships 2023"]
[Site "Samsun"]
[Date "2023.05.21"]
[Round "4.4"]
[White "Yildiz, Elif Zeren"]
[Black "Isilak, Enes"]
[Result "0-1"]
[WhiteElo "1722"]
[BlackElo "2181"]
[Annotator "TA"]
[PlyCount "164"]
[EventDate "2023.05.19"]
[EventType "swiss"]
[EventCountry "TUR"]
[TimeControl "5400+30"]

1. e4 g6 2. d4 Bg7 3. Nc3 c6 4. f4 d5 5. e5 Nh6 6. Be3 O-O 7. Nf3 Bg4 {[%emt 0:00:30] B15: Caro-Kann: 3 Nc3: 3...g6 and 3...dxe4 4 Nxe4 Nf6 5 Nxf6+ exf6.} (7... Qb6 $14) 8. Be2 (8. h3 $16 Bxf3 9. Qxf3) 8... Nf5 9. Bf2 {[%emt 0:05:30] [#]} Bh6 $146 {[%emt 0:01:30] White is slightly better.} ({Predecessor:} 9... f6 10. O-O e6 11. h3 Bxf3 12. Bxf3 fxe5 13. fxe5 c5 14. Ne2 cxd4 15. Nxd4 Nxd4 16. Bxd4 {½-½ Gomez Anadon,D (2305)-Ano Tafalla,S (2105) Andorra op 37th 2019 (3)}) 10. Ng5 Bxe2 11. Qxe2 Bxg5 $1 12. fxg5 Na6 13. O-O-O {[%emt 0:10:30] Strongly threatening h4.} (13. g4 $5 Ng7 $8 14. O-O-O $14) 13... Qd7 {[%emt 0:04:30] Black is weak on the dark squares} 14. h4 Ng7 15. g4 Nc7 (15... f5 $1 $14) 16. Be3 (16. h5 $16) 16... Nce6 (16... f5 $1 $14) 17. Qf3 Rfd8 (17... Rad8 $16) 18. Rdf1 Qe8 (18... Rf8 $16 {keeps fighting.} 19. h5 Rad8) 19. h5 $18 Nf8 20. Rf2 Nge6 21. Rhf1 Rd7 22. Qxf7+ ({White should try} 22. Ne2 $18) 22... Qxf7 $14 23. Rxf7 c5 $1 24. Ne2 (24. dxc5 $2 {is the wrong capture.} d4 25. Bxd4 (25. c6 $2 bxc6 26. Bd2 dxc3 $19) 25... Nxd4 $19) (24. Nxd5 $1 $16 Rxd5 25. c4 (25. Rxe7 cxd4 26. Bd2 Rxe5 $19) 25... Rxd4 26. Bxd4 (26. Rxe7 $2 Rxc4+ 27. Kb1 b6 $19)) 24... cxd4 $11 25. Nxd4 Nxd4 26. Bxd4 Ne6 27. Be3 a6 28. Bd2 Rf8 29. Rxf8+ Nxf8 $14 {[%emt 0:00:03][%mdl 4096] Endgame KRB-KRN} 30. c3 Rc7 31. Be3 Rc4 32. Rf4 Rxf4 33. Bxf4 $11 {[%emt 0:00:30] KB-KN} Kf7 34. Kd2 $1 Ke6 35. Kd3 Nd7 36. Kd4 Nb8 37. Kc5 {[%emt 0:01:42] Hoping for Kb6.} Nd7+ 38. Kd4 b6 39. hxg6 hxg6 40. a4 (40. c4 $11 dxc4 41. Bg3) 40... Nb8 (40... Nc5 $17 41. b4 Nxa4) 41. c4 $1 Nc6+ 42. Kc3 dxc4 43. Kxc4 Nxe5+ 44. Kd4 $1 Nc6+ 45. Ke4 Kd7 46. Be3 b5 47. axb5 axb5 48. Kd5 Nb4+ 49. Ke4 Kd6 50. Bf4+ Kc5 {[%emt 0:01:21] ...Nc6 would be deadly.} 51. b3 Nc6 52. Bd2 e6 53. Be1 Kd6 54. Bc3 b4 55. Be1 e5 56. Bg3 Ke6 57. Be1 Nd4 58. Bxb4 Nxb3 59. Bf8 Nd2+ 60. Ke3 Nc4+ 61. Ke4 (61. Kd3 $5 Kd5 62. Bg7 $11) 61... Nd6+ 62. Kd3 Kd5 {[%emt 0:00:05] And now ...e4+ would win.} 63. Be7 $2 (63. Ke2 $15) 63... Nc4 $2 (63... e4+ $1 $19 64. Ke2 Ke5) 64. Bf6 e4+ 65. Ke2 Ne5 66. Ke3 $1 Nxg4+ 67. Kf4 Nf2 68. Ke3 $2 (68. Bg7 $11 {and White has nothing to worry.}) 68... Nd3 $2 ({Better is} 68... Nh3 $19 69. Ke2 Ke6) 69. Bc3 Ne5 70. Ba1 Nf7 71. Bf6 Nd6 72. Bc3 $2 (72. Kf4 $11 {and White is okay.}) 72... Nf5+ $1 $19 73. Kf4 $2 (73. Ke2 $19) 73... e3 {[%emt 0:00:56] Black mates.} 74. Ba5 {[%emt 0:00:00] [#]} Kd4 $1 ({Stronger than} 74... e2 75. Kf3 $11) 75. Bb6+ Kd3 76. Ke5 Ke2 77. Kf6 Nh4 78. Ba5 Kf2 79. Bb6 Kf3 80. Ba5 Kg4 81. Bb6 {[%emt 0:00:07] [#]} e2 $1 82. Bf2 Kh5 {[%emt 0:00:00] Quite a comeback for Black.   Weighted Error Value: White=0.16 (very precise) /Black=0.16 (very precise)} 0-1

[Event "Turkish Youth Championships 2023"]
[Site "Samsun"]
[Date "2023.05.21"]
[Round "4.5"]
[White "Zerey, Demhat"]
[Black "Kavri, Yusuf Eren"]
[Result "0-1"]
[WhiteElo "1710"]
[BlackElo "2029"]
[Annotator "TA"]
[PlyCount "142"]
[EventDate "2023.05.19"]
[EventType "swiss"]
[EventCountry "TUR"]
[TimeControl "5400+30"]

1. Nf3 d5 2. g3 Nf6 3. Bg2 e6 4. O-O Be7 5. d3 c5 6. Nbd2 Nc6 7. e4 O-O 8. Re1 Qc7 9. Qe2 b5 10. e5 Nd7 11. Nf1 Bb7 12. Bf4 {[%emt 0:02:30] C00: French: Unusual White 2nd moves.} Rfc8 13. Ne3 Qd8 (13... Ncxe5 14. Nxe5 (14. Nxd5 Bxd5 15. Nxe5 Bxg2 $11) 14... Nxe5 15. Ng4 $16) ({Black should play} 13... Nf8 $1 $17) 14. h4 $15 {[%emt 0:03:30] Black is slightly better.} a5 15. a4 bxa4 {[%emt 0:05:30] [#]} 16. Rxa4 $146 ({Predecessor:} 16. Ng4 Nb6 17. h5 h6 18. Qd2 Nd4 19. Nxd4 cxd4 20. Bxh6 gxh6 21. Nxh6+ Kg7 22. Qf4 {0-1 Azaladze,S (2420)-Aleksandrov,A (2492) Bhubaneswar op-A 13th 2022 (5)}) 16... Nf8 17. Ng4 Ba6 18. Rd1 Bb5 19. Raa1 c4 20. d4 Nb4 21. Bg5 $2 (21. Ne1 $14 {stays ahead.}) 21... Rcb8 (21... Bxg5 $1 $17 22. Nxg5 (22. hxg5 c3 $15) 22... h6) 22. Qd2 c3 23. bxc3 (23. Qxc3 Bxg5 24. hxg5 (24. Nxg5 Be2 $15) 24... Rc8 $11) 23... Nc6 24. h5 (24. Ne3 $16) 24... Nd7 (24... Bxg5 $11 25. Nxg5 (25. Qxg5 Qxg5 26. Nxg5 Be2 $17) 25... h6) 25. h6 {[%emt 0:12:23] Threatens to win with hxg7.} g6 26. Rdb1 a4 27. Bf1 Bxf1 28. Rxf1 a3 {[%emt 0:04:30] [#]} 29. c4 dxc4 $11 30. Bxe7 Qxe7 {[%emt 0:04:57][%mdl 8192] [#]} (30... Nxe7 $15 {keeps the upper hand.} 31. Ne3 Qc8) 31. d5 $1 $18 exd5 (31... c3 32. Qxc3 Nb4) 32. Qxd5 Nb4 {[%emt 0:00:30] [#]} (32... Ncxe5 $142 33. Ngxe5 Nxe5) 33. Qxd7 $3 {[%emt 0:00:00][%mdl 576] Remove Defender, Decoy} Qxd7 34. Nf6+ Kh8 35. Nxd7 {[%emt 0:00:00] A dynamic duo of knights.} Rb7 36. Nc5 Rb5 {[%emt 0:00:34][%cal Ob4c2] [#]} 37. Rfd1 $1 Nxc2 (37... a2 38. Ne4) 38. Ra2 ({White must play} 38. Rd7 $18 {[%cal Od7f7] aiming for Rxf7!} Rxc5 39. Rxf7) 38... Rb2 $36 {[%emt 0:00:13][%mdl 2048] Black has some pressure.} 39. Rxb2 axb2 40. Na4 $1 {[%emt 0:00:25][%mdl 64] Deflection, Back Rank} Nd4 $1 41. Nxd4 (41. Rxd4 $2 {is the wrong capture.} b1=Q+ 42. Kg2 Qb4 $19) 41... Rxa4 {[%emt 0:00:00][%mdl 4096] Endgame KRN-KR} 42. Nc2 {[%emt 0:01:37][%cal Rd1d8] Repels Ra1} Ra8 {[%emt 0:00:00] Prevents Rd8+.} 43. Kf1 Rb8 44. Rb1 $1 c3 45. Ke2 {[%emt 0:00:00] Hoping for Kd3.} Rd8 46. Ke3 {[%emt 0:00:35] Nd4 would be deadly.} Rd2 47. Nd4 (47. Na3 $11) 47... Kg8 $17 {[%emt 0:00:49] White must now prevent ...Kf8.} 48. f4 $2 (48. Ne2 $17 {is more resistant.} c2 49. Rxb2) 48... Kf8 $19 {[%emt 0:00:08][%cal Od2d4] ...Rxd4! is the strong threat.} 49. Nb3 {[%emt 0:00:30] [#]} c2 $2 (49... Rd1 $1 $19 50. Rxd1 c2) 50. Rxb2 $17 {[%emt 0:00:21] [#]} c1=Q 51. Nxc1 Rxb2 {[%emt 0:00:30] KR-KN} 52. g4 Ke7 {[%emt 0:00:00] Black is more active.} 53. Nd3 (53. Ne2 $17) 53... Rh2 $19 54. g5 $2 (54. Ke4) 54... Ke6 55. Ke4 Re2+ 56. Kf3 Ra2 57. Kg4 Rc2 {[%emt 0:01:35] And now ...Rc3 would win.} 58. Ne1 Rc3 {[%emt 0:00:49] Strongly threatening ...Kd5.} 59. Nf3 Kd5 60. Nd2 Rd3 61. Nf1 Ke4 62. Ng3+ Ke3 63. f5 Rd4+ 64. Kh3 Kf2 65. Nh1+ Kf3 66. Ng3 Rg4 67. Ne2 Rxg5 (67... gxf5 $142 68. Nc3 Rg3+ 69. Kh2 Rxg5 70. Nd5 f4 71. Nc3 Rxe5 72. Nb1 Rh5+ 73. Kg1 Rxh6 74. Nc3 Rd6 75. Nb5 Rd3 76. Kh2 Ke3 77. Kg2 f3+ 78. Kh3 f2 79. Kg4 f1=Q 80. Nc3 Rd4+ 81. Ne4 Rxe4+ 82. Kh5 Qf5+ 83. Kh6 Qg6#) 68. Nd4+ {[%emt 0:00:21] Black is clearly winning.} Ke4 69. e6 fxe6 (69... Kxd4 $2 70. e7 $18) 70. Nxe6 Rxf5 {[%emt 0:00:00] ( -> ...Re5)} 71. Kg4 Rh5 {[%emt 0:00:23] Black used his chance.   Weighted Error Value: White=0.76/Black=0.57} (71... Kd5 $142 72. Ng7 Rf1) 0-1

[Event "Turkish Youth Championships 2023"]
[Site "Samsun"]
[Date "2023.05.21"]
[Round "4.6"]
[White "Temizer, Umut"]
[Black "Eroz, Enis"]
[Result "1/2-1/2"]
[WhiteElo "1973"]
[BlackElo "1830"]
[Annotator "TA"]
[PlyCount "74"]
[EventDate "2023.05.19"]
[EventType "swiss"]
[EventCountry "TUR"]
[TimeControl "5400+30"]

1. e4 c5 2. Nf3 d6 3. d4 cxd4 4. Nxd4 Nf6 5. Nc3 a6 6. h3 e5 7. Nb3 h5 {[%emt 0:12:30] Recently 7...Be7 got a lot of attention. B90: Sicilian Najdorf: Unusual White 6th moves, 6 Be3 Ng4 and 6 Be3 e5.} (7... Be7 $11) 8. Rg1 h4 9. Be3 Be7 {[%emt 0:05:30] The position is equal.} 10. Qd2 Be6 11. O-O-O Nbd7 {[%emt 0:03:30] [#]} 12. Be2 $146 (12. g4 $14) ({Predecessor:} 12. Kb1 b5 13. f3 Nb6 14. Qf2 Nc4 15. Bxc4 Bxc4 16. Na5 Qxa5 17. Bb6 Bxa2+ 18. Nxa2 {0-1 Huschenbeth,N (2607)-Koelle,T (2433) German Masters 2022 (7)}) 12... b5 13. f4 Rc8 14. Kb1 Qc7 15. Rge1 Qb8 (15... O-O $11) 16. Bf3 $14 O-O 17. g4 exf4 18. Bxf4 Ne5 19. Bxe5 (19. Bg2 $14) 19... dxe5 $11 20. Nd5 {[%emt 0:03:30] Against Bb4} Bd8 21. Qg2 g6 22. Nxf6+ Bxf6 23. g5 Be7 24. Bg4 Qb6 25. Bxe6 Qxe6 26. Rd5 Rc6 27. Nc1 Rd8 28. Nd3 Rcd6 29. Nb4 (29. Nxe5 $2 Qxe5 30. Qh1 Rxd5 31. exd5 Qxg5 $19) 29... a5 30. Rxd6 {[%emt 0:00:37][%mdl 64] Remove Defender} Rxd6 (30... Bxd6 31. Nd5 $14) 31. Nd5 Kg7 32. Rg1 Rc6 $2 (32... Rd8 $11) 33. Qf2 $1 $16 Rc8 (33... Bc5 $2 34. Qxh4 Bxg1 35. Qh6+ Kg8 36. Nf6+) 34. Nxe7 ({White has to play} 34. Qxh4 $16 {Qh6+ would be deadly.} Rc4 35. Qe1 (35. b3 Rd4 $18)) 34... Qxe7 $11 35. Qxh4 $2 {[%emt 0:00:00] [#]} (35. Rf1 $11) 35... Rxc2 $3 $17 {[%emt 0:00:00][%mdl 576] Decoy. Black is clearly better.} 36. Qg3 {[%emt 0:02:09] [#]} Rd2 ({And not} 36... Qc5 37. Rf1 Rd2 38. Qb3 $15) 37. Rf1 {[%emt 0:00:30] [#]} Rc2 $2 {[%emt 0:00:52][%mdl 40960] An exciting game.   Weighted Error Value: White=0.22 (precise) /Black=0.19 (very precise) . An unexpected result.} 1/2-1/2